 Dungeon Crawl Stone Soup version 0.31.0-11-ge490571c62 (webtiles) character file.

Game seed: 14678968270854987916

25 qw the Shooter (level 2, 0/16 HPs)
             Began as a Deep Elf Hunter on Feb 3, 2024.
             Slain by a gnoll
             ... wielding a +0 halberd
              (12 damage)
             ... on level 2 of the Dungeon.
             The game lasted 00:00:02 (551 turns).

qw the Shooter (Deep Elf Hunter)                     Turns: 551, Time: 00:00:03

Health: 0/16       AC:  5    Str:  8    XL:     2   Next: 86%
Magic:  4/4        EV: 10    Int: 13    God:
Gold:   36         SH:  0    Dex: 18    Spells: 1/1 levels left

rFire   . . .        a - +0 shortbow
rCold   + . .        (shield currently unavailable)
rNeg    . . .        e - +0 ring mail
rPois   .            (no helmet)
rElec   .            (no cloak)
rCorr   .            (no gloves)
SInv    .            (no boots)
Will    .....        (no amulet)
Stlth   +            f - ring of protection from cold
HPRegen 0.22/turn    (no ring)
MPRegen 0.09/turn

%: no passive effects
@: no status effects
A: no striking features
a: no special abilities


You were on level 2 of the Dungeon.
You visited 1 branch of the dungeon, and saw 2 of its levels.

You collected 36 gold pieces.


   Skills:
 - Level 1.5 Fighting
 + Level 6.5 Ranged Weapons
 - Level 2.4 Dodging
 - Level 1.2 Stealth


You had one spell level left.
You didn't know any spells.
Your spell library was empty.

Inventory:

Hand Weapons
 a - a +0 shortbow (weapon)
Armour
 e - a +0 ring mail (worn)
Jewellery
 f - a ring of protection from cold (left hand)
Wands
 j - a wand of paralysis (10)
Scrolls
 g - a scroll of teleportation

Dungeon Overview and Level Annotations

Branches:
Dungeon (2/15)

Altars:
Trog


Message History

g - a scroll of teleportation
532 ||| READING scroll labelled GUCZEU OBYBE.
As you read the scroll labelled GUCZEU OBYBE, it crumbles to dust.
You assume a fearsome visage.
Nothing appears to happen.
It was a scroll of fear.
533 ||| DROPPING scroll of butterflies.
You drop a scroll of butterflies.
What level of the Dungeon? (default 1, ? - help) 3 gnolls and a goblin come into view.
The gnoll shouts!
The goblin shouts!
Enter note:
Enter note:
540 ||| RETREEEEATING.
What level of the Dungeon? (default 1, ? - help)
Enter note:
Enter note:
542 ||| RETREEEEATING.
What level of the Dungeon? (default 1, ? - help)
544 ||| RETREEEEATING.
You shoot an arrow.
The arrow hits the gnoll but does no damage.
You hear a shout!
The gnoll hits you from afar with a +0 halberd.
You shoot an arrow. The arrow hits the gnoll.
The gnoll is lightly wounded.
The gnoll barely misses you.
You shoot an arrow. The arrow hits the gnoll.
The gnoll is lightly wounded.
The gnoll hits you from afar with a +0 halberd.
You shoot an arrow. The arrow barely misses the gnoll.
The gnoll barely misses you. The gnoll misses you.
You shoot an arrow. The arrow hits the gnoll.
The gnoll is moderately wounded.
The gnoll barely misses you.
You shoot an arrow. The arrow hits the gnoll.
The gnoll is heavily wounded.
The gnoll closely misses you.
You shoot an arrow. The arrow closely misses the gnoll.
The gnoll hits you from afar with a +0 halberd!
Ouch! That really hurt!
You die...

.. #..........#.# #g
######.......# #g
###..#### #g ##.## #.
#...# #g #...##### #g##
#........
###<.########....####
#....@..#...........#
.....#.#.....?..>.......
.##.....##.#........>..#
##.##. #.#####....####
#. #. #.# #....... # ..
..# #...#### #. ###
#...# #. #.... ..###


You could see 2 gnolls.

Vanquished Creatures
  A dart slug (D:1)
  2 endoplasms (D:1)
  2 goblins (D:1)
  A hobgoblin (D:1)
  3 jackals (D:1)
  A quokka (D:2)
  3 ball pythons (D:1)
  3 bats (D:1)
  2 frilled lizards (D:1)
  2 kobolds
  3 rats (D:1)
23 creatures vanquished.

Notes
Turn   | Place    | Note
-------+----------+-------------------------------------------
     0 | D:1      | qw the Deep Elf Hunter began the quest for the Orb.
     0 | D:1      | Reached XP level 1. HP: 12/12 MP: 3/3
     0 | D:1      | 0 ||| qw: Version: 0.3-a-155-g5e7d8dd
     0 | D:1      | 0 ||| qw: Game counter: 3295
     0 | D:1      | 0 ||| qw: Melee chars always use a shield: true
     0 | D:1      | 0 ||| qw: God list: Okawaru
     0 | D:1      | 0 ||| qw: Allow faded altars: false
     0 | D:1      | 0 ||| qw: Do Orc after clearing Dungeon:15 true
     0 | D:1      | 0 ||| qw: Do second Lair branch before Depths: true
     0 | D:1      | 0 ||| qw: Lair rune preference: random
     0 | D:1      | 0 ||| qw: Goals: Normal
     0 | D:1      | 0 ||| PLANNING D:1-11
   160 | D:1      | Reached XP level 2. HP: 16/16 MP: 4/4
   176 | D:1      | Reached skill level 6 in Ranged Weapons
   393 | D:1      | You fall into a shaft and drop 1 floor!
   488 | D:2      | Found a bloodstained altar of Trog.
   518 | D:2      | 518 ||| UPGRADING to +0 ring mail.
   528 | D:2      | 528 ||| DROPPING +0 leather armour.
   529 | D:2      | 529 ||| UPGRADING to ring of protection from cold.
   530 | D:2      | 530 ||| DROPPING ring of flight.
   531 | D:2      | 531 ||| READING scroll labelled GARERCH RISO.
   531 | D:2      | 531 ||| IDENTIFYING scroll labelled EXIANYERCHU
   532 | D:2      | 532 ||| READING scroll labelled GUCZEU OBYBE.
   533 | D:2      | 533 ||| DROPPING scroll of butterflies.
   540 | D:2      | 540 ||| RETREEEEATING.
   542 | D:2      | 542 ||| RETREEEEATING.
   544 | D:2      | 544 ||| RETREEEEATING.
   551 | D:2      | Slain by a gnoll

Levels and vault maps discovered:
D:1:      dpeg_arrival_round_c, layout_basic, nrook_campfire
D:2:      layout_loops_cross, basic_altar, serial_shops, shop

Skill      XL: |  1  2 |
---------------+-------+-----
Ranged Weapons | 6 |  6.5
Fighting       | |  1.5
Dodging        | |  2.4
Stealth        | |  1.2

Action                     || total
---------------------------++-------
   Fire: Shortbow          ||    53
    Use: Scroll            ||     2
 Armour: Leather armour    ||     7
         Ring mail         ||     3
  Dodge: Dodged            ||    11

Table legend:
 A = Non-vault XP
 B = Vault XP
 C = Vault XP percentage of total XP
 D = Non-vault monster count
 E = Vault monster count
 F = Vault count percentage of total count
                 A         B        C        D         E       F
            +---------+---------+-------+---------+---------+-------
      Total |      37 |       0 |   0.0 |      23 |       0 |   0.0
            +---------+---------+-------+---------+---------+-------
        D:1 |      34 |       0 |   0.0 |      21 |       0 |   0.0
        D:2 |       3 |       0 |   0.0 |       2 |       0 |   0.0
            +---------+---------+-------+---------+---------+-------
